 Dungeon Sprint DCSS version 0.22-a0-480-g991dd4b2b4 (webtiles) character file.

42 Fallony the Cudgeler (level 3, -3/29 HPs)
             Began as a Demonspawn Fighter on June 16, 2018.
             Slain by a phantom (7 damage)
             ... in the Dungeon (Sprint IX: "|||||||||||||||||||||||||||||").
             The game lasted 00:00:19 (62 turns).

Fallony the Cudgeler (Demonspawn Fighter)             Turns: 62, Time: 00:00:19

Health: -3/29      AC:  6    Str: 17    XL:     3   Next: 33%
Magic:  3/3        EV:  6    Int:  9    God:
Gold:   0          SH:  8    Dex: 12    Spells: 2/2 levels left

rFire    . . .     SeeInvis .   a - +0 flail
rCold    . . .     Gourm    .   c - +0 shield
rNeg     . . .     Faith    .   b - +0 scale mail
rPois    .         Spirit   .   (no helmet)
rElec    .         Reflect  .   (no cloak)
rCorr    .         Harm     .   (no gloves)
MR       .....     NoTele   +   (no boots)
Stlth    +.........             (no amulet)
HPRegen  0.09/turn              (no ring)
MPRegen  0.08/turn              (no ring)

@: berserk cooldown, slowed, very slow
A: nightstalker 1, powered by pain 1
a: no special abilities


You were in the Dungeon.
You were not hungry.

You visited 1 branch

Inventory:

Hand Weapons
 a - a +0 flail (weapon)
Armour
 b - a +0 scale mail (worn)
 c - a +0 shield (worn)
Scrolls
 k - a scroll of blinking
Potions
 d - a potion of might
 e - a potion of curing
 g - a potion of heal wounds
 h - a potion of haste
 i - 2 potions of magic
Comestibles
 f - a ration


   Skills:
 - Level 3.0 Fighting
 + Level 6.3 Maces & Flails
 - Level 2.6 Armour
 - Level 2.6 Shields


You had 2 spell levels left.
You didn't know any spells.
Your spell library was empty.

Dungeon Overview and Level Annotations

Branches:
Dungeon (1/1)

Altars:


Innate Abilities, Weirdness & Mutations

You are slightly more attuned to the shadows.
You sometimes gain a little power by taking damage.


Message History

The phantom blinks! x2
The phantom blinks!
You hit the phantom.
The phantom is severely damaged.
You block the phantom's attack.
You barely miss the phantom.
The phantom is severely damaged.
The phantom hits you.
* * * LOW HITPOINT WARNING * * *
The phantom closely misses you.
You sock the phantom!
The phantom is almost destroyed.
The phantom blinks!
The phantom blinks!
There is an open door, spattered with blood here.
You see here an adder corpse.
You hit the phantom.
The phantom is almost destroyed.
The phantom hits you!
You die... ▓▓▓▓▓▓▓▓▓▓▓▓▓▓▓▓▓▓ +.....@W...)'...<▓ ▓▓▓▓▓▓▓▓▓▓▓▓▓▓▓▓▓▓

You could see a phantom.

Vanquished Creatures
  A worker ant (D)
  An adder (D)
  An adder skeleton (D)
  A hobgoblin (D)
  A kobold (D)
  3 bats (D)
  A leopard gecko skeleton (D)
9 creatures vanquished.

Notes
Turn   | Place    | Note
-------+----------+-------------------------------------------
     0 | D        | Fallony the Demonspawn Fighter began the quest for the Orb.
     0 | D        | Reached XP level 1. HP: 18/18 MP: 1/1
     6 | D        | Reached skill level 2 in Maces & Flails
    13 | D        | Reached skill level 3 in Maces & Flails
    23 | D        | Noticed a phantom
    23 | D        | Noticed a worker ant
    26 | D        | Killed a worker ant
    26 | D        | Reached skill level 5 in Maces & Flails
    26 | D        | Gained mutation: You are slightly more attuned to the shadows. [demonic ancestry]
    26 | D        | Reached XP level 2. HP: 24/24 MP: 2/2
    26 | D        | Gained mutation: You sometimes gain a little power by taking damage. [demonic ancestry]
    26 | D        | Reached XP level 3. HP: 29/29 MP: 3/3
    30 | D        | Reached skill level 6 in Maces & Flails
    62 | D        | Slain by a phantom

Vault maps used:
D:        linesprint

Skill      XL: |  1  2  3 |
---------------+----------+-----
Maces & Flails | 5 6 |  6.3
Fighting       | |  3.0
Armour         | |  2.6
Shields        | |  2.6

Action                   || total
-------------------------++-------
Melee: Flail             ||    35
  Use: Potion            ||     1
Armor: Scale mail        ||    12
Dodge: Dodged            ||     9
Block: Shield            ||    18

Table legend:
 A = Spawn XP
 B = Non-spawn XP
 C = Spawn XP percentage of total XP
 D = Spawn monster count
 E = Non-spawn monster count
 F = Spawn count percentage of total count
 G = Total turns spent on level
                    A         B        C        D         E        F      G
               +---------+---------+-------+---------+---------+-------+---------
         Total |       0 |      60 |   0.0 |       0 |       9 |   0.0 |    62
               +---------+---------+-------+---------+---------+-------+---------
             D |       0 |      60 |   0.0 |       0 |       9 |   0.0 |    62
               +---------+---------+-------+---------+---------+-------+---------
